[Event "MARCEL 1st Div Ch-League 2019"]
[Site "Dhaka"]
[Date "2019.11.20"]
[Round "9.4"]
[White "Sacchu, Afzal Hossain"]
[Black "Md Mutakabbir"]
[Result "1-0"]
[ECO "A68"]
[WhiteElo "1996"]
[BlackElo "1843"]
[Annotator "NA"]
[PlyCount "127"]
[EventDate "2019.11.12"]
[EventCountry "BAN"]
[SourceTitle "playchess.com"]
[Source "ChessBase"]
[SourceQuality "1"]
[TimeControl "5400+30"]

1. d4 c5 2. d5 Nf6 3. c4 e6 4. Nc3 exd5 5. cxd5 d6 {[%emt 0:00:24] Decoy} 6. e4 g6 7. f4 Bg7 8. Bd3 ({Better is} 8. Bb5+ $14 Nfd7 9. Nf3) 8... O-O 9. Nf3 Re8 10. O-O Bg4 {[%emt 0:04:43] A68: Modern Benoni: Four Pawns Attack without 9...Re8} 11. h3 Bxf3 12. Qxf3 Nbd7 13. Be3 Nb6 $146 ({Predecessor:} 13... a6 14. a4 Qc7 15. Rfe1 c4 16. Bf1 Nc5 17. Bf2 Nb3 18. Rad1 Nd7 19. e5 dxe5 20. d6 Qc6 21. Qxc6 bxc6 22. Bxc4 {1-0 (47) Sanikidze,T (2527)-Mgeladze,T (2339) Ureki 2015}) 14. Rad1 Nfxd5 15. Bb5 ({But not} 15. exd5 $2 Rxe3 {[%mdl 64] Remove Defender} 16. Qxe3 Bd4 $19) (15. Nxd5 $14 Nxd5 16. Bf2 (16. exd5 $2 Rxe3 17. Qxe3 Bd4 $19)) 15... Nxe3 16. Qxe3 Bd4 17. Rxd4 cxd4 18. Qxd4 Re6 19. a4 Qf6 (19... a5 $15) 20. Qf2 Qd8 21. a5 a6 22. f5 Re7 (22... gxf5 $11 {keeps the balance.} 23. Qxf5 Kh8) 23. fxg6 (23. axb6 $16 axb5 24. Nd5) 23... fxg6 24. axb6 axb5 25. Nd5 Rg7 26. Nc7 Rxc7 27. bxc7 Qxc7 28. Qf6 Re8 29. Rf4 Qe7 30. Qc3 Qe5 31. Qb3+ $11 Kh8 (31... Re6 32. Qf3) 32. Qf3 Kg8 33. b4 Rc8 34. h4 ({White should play} 34. Qe3) 34... d5 ({Better is} 34... Rc1+ $17 35. Kh2 Kg7) 35. exd5 Rc1+ 36. Kh2 Rc4 37. g3 Rxf4 38. gxf4 Qb2+ 39. Kg3 Qxb4 40. Qe3 Qf8 41. Qe5 Qc8 42. Qe7 Qc3+ 43. Kg4 h5+ {[%emt 0:01:30] [#]} 44. Kg5 $1 Qg3+ 45. Kh6 Qxf4+ 46. Kxg6 Qg3+ 47. Qg5 $2 (47. Kh6 $18 Qf4+ 48. Qg5+ Qxg5+ 49. hxg5) 47... Qxg5+ $4 (47... Qd6+ $11 48. Kxh5+ Kf7) 48. hxg5 b4 49. d6 Kf8 50. Kf6 Ke8 51. g6 Kd7 52. g7 Kxd6 53. g8=Q Kc5 54. Qb3 h4 55. Ke5 h3 56. Qxh3 Kc4 57. Qf1+ Kc3 58. Qc1+ Kb3 59. Kd4 Ka2 60. Qc2+ Ka3 61. Qb1 b5 {[%emt 0:00:00] [#]} 62. Kc5 $1 {[%emt 0:00:00] Double Attack} b3 63. Kxb5 b2 64. Kc4 1-0

[Event "MARCEL 1st Div Ch-League 2019"]
[Site "Dhaka"]
[Date "2019.11.20"]
[Round "9.5"]
[White "Sibu, Podder"]
[Black "Utsab Chatterjee"]
[Result "0-1"]
[ECO "E14"]
[WhiteElo "1808"]
[BlackElo "2225"]
[Annotator "ChessBase"]
[PlyCount "106"]
[EventDate "2019.11.12"]
[EventCountry "BAN"]
[SourceTitle "playchess.com"]
[Source "ChessBase"]
[SourceQuality "1"]
[TimeControl "5400+30"]

1. d4 d5 2. c4 e6 3. Nc3 Nf6 4. e3 Be7 5. Nf3 O-O 6. Bd3 b6 7. O-O Bb7 8. b3 Nbd7 9. Bb2 c5 10. Qe2 Rc8 11. Rfd1 Qc7 12. Rac1 Qb8 13. cxd5 exd5 14. h3 Ne4 15. dxc5 Ndxc5 16. Bb1 Rfd8 17. b4 Ne6 18. a3 a5 19. Nxe4 dxe4 20. Rxd8+ Rxd8 21. Nd2 axb4 22. axb4 Bxb4 23. Nf1 Qa8 24. Bc2 Qa2 25. Bb1 Qb3 26. Be5 Qd5 27. Qb2 Qa5 28. Qa1 Qxa1 29. Bxa1 Nc5 30. Ba2 Ba3 31. Rb1 Rd6 32. Be5 Rg6 33. Bc7 Nd7 34. Rd1 Nf8 35. Rb1 Bc5 36. Nd2 Rc6 37. Bf4 Rc8 38. Nc4 Ra8 39. Rb2 Bd5 40. Bb3 Nd7 41. Kf1 Ra1+ 42. Ke2 Bb7 43. Nd2 Ba3 44. Ra2 Rxa2 45. Bxa2 b5 46. Nb1 Bc5 47. Bc7 Nb6 48. Nd2 Na4 49. Be5 Kf8 50. Kd1 f6 51. Ba1 Bb4 52. Kc2 Nc5 53. f3 Bxd2 0-1

[Event "MARCEL 1st Div Ch-League 2019"]
[Site "Dhaka"]
[Date "2019.11.20"]
[Round "9.6"]
[White "Bhuiyan, Golam Mostafa"]
[Black "Nurul, Islam"]
[Result "1/2-1/2"]
[ECO "D78"]
[WhiteElo "2060"]
[BlackElo "1989"]
[Annotator "NA"]
[PlyCount "139"]
[EventDate "2019.11.12"]
[EventCountry "BAN"]
[SourceTitle "playchess.com"]
[Source "ChessBase"]
[SourceQuality "1"]
[TimeControl "5400+30"]

1. d4 Nf6 2. c4 c6 3. Nc3 d5 4. g3 g6 5. Bg2 Bg7 6. Nf3 O-O 7. O-O Ne4 ({Black should play} 7... dxc4 $11 8. e4 b5) 8. Qc2 {[%emt 0:09:30] D78: Fianchetto Grünfeld: 6 0-0 c6} Nxc3 9. bxc3 $146 ({Predecessor:} 9. Qxc3 Nd7 10. cxd5 cxd5 11. Bf4 Nf6 12. Rfc1 Qb6 13. Qb3 Qxb3 14. axb3 Ne4 15. Rc7 Bf6 16. Be5 a6 17. Bxf6 exf6 18. Ne1 Rb8 19. Nd3 g5 20. Rac1 Re8 21. Bxe4 dxe4 22. Nc5 {1-0 (67) Alonso Rosell,A (2502)-Alonso Moyano,J (2426) Sabadell 2011}) 9... Nd7 10. a4 Nb6 11. Nd2 (11. cxd5 $14 cxd5 12. a5) 11... e5 12. c5 ({Better is} 12. Ba3 $14) 12... Nd7 13. e3 Re8 14. a5 a6 15. Bb2 Qe7 16. c4 e4 17. Ba3 Qe6 18. Nb1 h5 19. Nc3 h4 20. Rfe1 ({White should try} 20. cxd5 $16 cxd5 21. gxh4) 20... hxg3 21. hxg3 Nf6 22. Rab1 Qf5 23. cxd5 cxd5 24. Rb6 Bf8 $2 (24... Ng4 $15 {stays ahead.}) 25. Reb1 Kg7 26. Qa2 Rd8 27. Rf1 Qg5 (27... Ng4 $11) 28. Rfb1 Nh5 29. Ne2 Be7 30. Qd2 Rh8 31. c6 {[%emt 0:05:17] [#]} bxc6 $1 32. Bxe7 Qxe7 33. Rxc6 Qa3 $2 (33... Bg4 $19 34. Rbb6 Bf3) 34. Rc5 Be6 35. Nc3 Nf6 36. Qd1 Rhb8 37. Ra1 Qb3 38. Qc1 Qb7 39. Na4 Nd7 (39... Ra7 $11 {remains equal.}) 40. Rc7 Qb4 41. Nc5 Nxc5 42. Qxc5 Qxc5 43. Rxc5 Rb5 44. Bf1 Rxc5 45. dxc5 Kf6 46. Rb1 Rc8 47. Bxa6 Rxc5 48. Ra1 Rc7 49. Bb5 Ra7 50. a6 Bc8 (50... Ke5 $14) 51. Rc1 Ra8 {[%emt 0:00:25] [#]} (51... Bh3 $142) 52. Rc7 $1 Bxa6 (52... Ke5 $16 {is a better defense.}) 53. Rc6+ {[%emt 0:00:00] Double Attack} Ke5 54. Rxa6 Rb8 55. Ra5 Rc8 56. Kg2 (56. Ra7 $142) 56... Rc5 57. g4 f5 $16 58. Kg3 d4 59. exd4+ Kxd4 60. Ra4+ Ke5 61. Be8 f4+ 62. Kh4 g5+ 63. Kxg5 e3 64. fxe3 fxe3 65. Bg6 e2 66. Re4+ Kd6+ 67. Kf6 Rc4 68. Re6+ Kd5 69. Rxe2 Rxg4 70. Re6 1/2-1/2

[Event "MARCEL 1st Div Ch-League 2019"]
[Site "Dhaka"]
[Date "2019.11.20"]
[Round "9.7"]
[White "Bappi, A.b."]
[Black "Islam, Mohammad Aminul"]
[Result "1-0"]
[ECO "E90"]
[WhiteElo "1827"]
[BlackElo "2078"]
[Annotator "NA"]
[PlyCount "36"]
[EventDate "2019.11.12"]
[EventCountry "BAN"]
[SourceTitle "playchess.com"]
[Source "ChessBase"]
[SourceQuality "1"]
[TimeControl "5400+30"]

1. c4 Nf6 2. d4 g6 3. Nc3 Bg7 4. e4 d6 5. h3 Na6 6. Nf3 O-O 7. a3 c5 8. d5 Nc7 9. Be2 e6 10. Bg5 exd5 11. exd5 Re8 12. O-O Rb8 13. Re1 h6 14. Bh4 Bd7 15. Nd2 g5 16. Bg3 Bf5 17. Rc1 a6 18. b4 b6 $14 1-0

[Event "MARCEL 1st Div Ch-League 2019"]
[Site "Dhaka"]
[Date "2019.11.20"]
[Round "9.8"]
[White "Avik, Sarker"]
[Black "Khondakar, Nazre Mowla"]
[Result "1-0"]
[ECO "D02"]
[WhiteElo "1980"]
[BlackElo "1864"]
[Annotator "NA"]
[PlyCount "75"]
[EventDate "2019.11.12"]
[EventCountry "BAN"]
[SourceTitle "playchess.com"]
[Source "ChessBase"]
[SourceQuality "1"]
[TimeControl "5400+30"]

1. d4 d5 2. Bf4 e6 3. e3 Bd6 4. Bg3 Nf6 5. Bd3 c5 6. c3 Nc6 7. Nf3 O-O 8. Nbd2 b6 9. Ne5 Bb7 10. f4 {[%emt 0:00:00] D02: 1 d4 d5 2 Nf3 sidelines, including 2...Nf6 3 g3 and 2...Nf6 3 Bf4} (10. O-O Qc7 11. f4 Ne7 12. Qb1 Qc8 13. Bh4 Nf5 14. Bxf5 exf5 15. Bxf6 gxf6 16. Nef3 Qe6 17. Re1 Ba6 18. Nh4 cxd4 19. exd4 {1-0 (28) Korobov,A (2692)-Dominguez Perez,L (2739) Doha 2016}) 10... Ne7 11. Qf3 Nd7 12. Nxd7 $146 ({Predecessor:} 12. Bf2 f5 13. g4 Nf6 14. gxf5 exf5 15. Rg1 Bxe5 16. fxe5 Ne4 17. Qg2 Ng6 {1-0 (33) Kosic,D (2488)-Mijovic,S (2325) Cetinje 2009}) 12... Qxd7 13. Qh5 g6 14. Qh3 cxd4 15. exd4 Nf5 16. Nf3 f6 17. O-O Rae8 18. Rae1 Bc6 19. Re2 (19. Qg4 $15) 19... Bb5 20. Bxb5 Qxb5 21. Rfe1 Qd7 22. Nh4 Re7 ({Black should play} 22... b5 $15) 23. Qg4 Rfe8 24. Qf3 Nxg3 25. hxg3 Bc7 26. Qe3 e5 27. dxe5 fxe5 28. Nf3 $1 Bd6 (28... e4 $5 29. Nd4 Rf7 $15) 29. fxe5 Bc5 30. Nd4 Rxe5 31. Qxe5 Rxe5 32. Rxe5 Bxd4+ 33. cxd4 Kf7 34. Rc1 h5 35. Kh2 Kg7 36. b3 Qb5 (36... Qg4 $11 {remains equal.}) 37. Rc7+ {[%emt 0:01:30] Double Attack} Kh6 38. Rxa7 $16 1-0

[Event "MARCEL 1st Div Ch-League 2019"]
[Site "Dhaka"]
[Date "2019.11.20"]
[Round "9.9"]
[White "Imam, Farhadur"]
[Black "Mukitul, Islam Ripon"]
[Result "0-1"]
[ECO "B62"]
[WhiteElo "2033"]
[BlackElo "1880"]
[Annotator "NA"]
[PlyCount "42"]
[EventDate "2019.11.12"]
[EventCountry "BAN"]
[SourceTitle "playchess.com"]
[Source "ChessBase"]
[SourceQuality "1"]
[TimeControl "5400+30"]

1. e4 c5 2. Nf3 Nc6 3. d4 cxd4 4. Nxd4 Nf6 5. Nc3 d6 6. Bg5 e6 7. Bb5 Bd7 8. O-O Be7 9. Qd2 {[%emt 1:27:01] B62: Sicilian: Richter-Rauzer: 6...e6: Unusual White 7th moves} (9. Nxc6 bxc6 10. Ba4 Qb8 11. b3 h6 12. Bc1 O-O 13. Qf3 e5 14. Ne2 d5 15. Ng3 Bg4 16. Qe3 Qc7 {0-1 (30) Kalogeris,I (2350)-Pavlidis,A (2559) Chania 2019}) 9... a6 10. Ba4 ({White should try} 10. Bxc6 $11 Bxc6 11. Rfd1 (11. Nxc6 bxc6 12. Rad1 d5 $11)) 10... O-O 11. Rad1 ({Better is} 11. Bxc6 $11 Bxc6 12. Rfd1 (12. Nxc6 bxc6 13. Rab1 d5 $11)) 11... b5 12. Bb3 b4 13. Bxf6 Bxf6 14. Nce2 Nxd4 15. Nxd4 Qb6 16. c4 bxc3 17. bxc3 $146 ({Predecessor:} 17. Qxc3) 17... Rfd8 18. f4 e5 {[%emt 0:01:06] Pin} 19. fxe5 dxe5 $19 {[%emt 0:00:15] Pin} 20. Qf2 exd4 21. cxd4 Bb5 0-1

[Event "MARCEL 1st Div Ch-League 2019"]
[Site "Dhaka"]
[Date "2019.11.20"]
[Round "9.10"]
[White "Khan, Md. Monir Hossain"]
[Black "Sambarta Banerjee"]
[Result "1/2-1/2"]
[ECO "A49"]
[WhiteElo "1993"]
[BlackElo "1957"]
[Annotator "NA"]
[PlyCount "50"]
[EventDate "2019.11.12"]
[EventCountry "BAN"]
[SourceTitle "playchess.com"]
[Source "ChessBase"]
[SourceQuality "1"]
[TimeControl "5400+30"]

1. d4 Nf6 2. g3 g6 3. Bg2 Bg7 4. Nf3 O-O 5. O-O d6 6. Bg5 Nbd7 {[%emt 0:01:12] A49: 1 d4 Nf6 2 Nf3 g6 3 g3: Anti-King's Indian systems} 7. Nbd2 (7. c4 h6 8. Bxf6 Nxf6 9. Nc3 c6 10. e4 Qc7 11. Qc2 e5 12. Rad1 Bg4 13. d5 c5 14. h3 {½-½ (47) Mamedjarova,T (2295)-Muzychuk,A (2569) St Petersburg 2018}) 7... e5 8. dxe5 dxe5 9. Ne4 $146 ({Predecessor:} 9. e4 h6 10. Bxf6 Qxf6 11. c3 a5 12. Qc2 Nc5 13. Nc4 {½-½ (13) Wesolowski,T (2090)-Malecki,R (2165) Polanica Zdroj 2004}) 9... h6 10. Bxf6 Nxf6 11. Nfd2 Nxe4 12. Nxe4 Qe7 13. c3 Rd8 14. Qc2 Be6 15. Rfd1 c6 16. Nd2 Rd7 17. Nb3 Rad8 18. Rxd7 Rxd7 19. Rd1 Rxd1+ 20. Qxd1 Qd7 21. Qxd7 Bxd7 22. Na5 Bc8 23. Nc4 Bd7 24. Na5 Bc8 $11 25. Nc4 Bd7 1/2-1/2

[Event "MARCEL 1st Div Ch-League 2019"]
[Site "Dhaka"]
[Date "2019.11.20"]
[Round "9.11"]
[White "Suvankar Maity"]
[Black "Hossain, Monir"]
[Result "0-1"]
[ECO "B23"]
[WhiteElo "1795"]
[BlackElo "2058"]
[Annotator "NA"]
[PlyCount "84"]
[EventDate "2019.11.12"]
[EventCountry "BAN"]
[SourceTitle "playchess.com"]
[Source "ChessBase"]
[SourceQuality "1"]
[TimeControl "5400+30"]

1. e4 c5 2. Ne2 Nc6 3. Nbc3 e6 4. g3 h5 (4... Nf6 5. Bg2 Be7 6. O-O O-O 7. d3 d5 8. exd5 exd5 9. Re1 d4 10. Ne4 Nxe4 11. Bxe4 Bg4 12. f3 Bd7 13. Nf4 Bd6 14. Ng2 Qc7 15. Bf4 Rae8 16. Qd2 Ne5 17. Bxe5 Rxe5 {1-0 (64) Aronian,L (2767)-Caruana,F (2822) chess.com INT 2018}) 5. d4 cxd4 6. Nxd4 {[%emt 0:00:30] B23: Closed Sicilian: Lines without g3} a6 $146 ({Predecessor:} 6... h4 7. g4 h3 8. Be3 a6 9. Qd2 Ne5 10. Rg1 Qc7 11. f4 Nc4 12. Bxc4 Qxc4 {0-1 (29) Seeman,T (2475)-Kurajica,B (2570) Elista 1998}) 7. Be3 Qc7 8. Bg2 h4 (8... Ne5 $11 {keeps the balance.}) 9. O-O (9. f4 $16) 9... hxg3 10. hxg3 Ne5 11. Bf4 d6 12. Nf3 Nf6 13. Qe2 b5 14. Rae1 b4 15. Nd1 Bd7 16. Bxe5 dxe5 17. c4 Rc8 18. b3 Bc6 19. Qc2 Bc5 20. Nb2 Ng4 (20... Ba7 $142 21. Nd1 Kf8) 21. Nd3 Be7 22. Re2 a5 23. Rfe1 f6 24. Nd2 Rd8 25. Nf1 Kf7 26. Bf3 Nh6 27. Rd1 {[%emt 0:00:30] [#]} g6 $2 (27... Nf5 $1 $19 {[%cal Rf5d4][%mdl 512] has better winning chances.} 28. Qd2 (28. exf5 Bxf3) 28... Nd4 {[%mdl 64] Double Attack}) 28. Red2 (28. Bg2 $17 {was worth a try.}) 28... Kg7 29. Ne1 Nf7 30. Rxd8 Bxd8 31. Bg2 Be7 32. Nf3 Qb7 33. N1d2 Bc5 34. Qd3 Rd8 35. Qe2 Qd7 36. Bf1 Qd6 37. Ne1 (37. Bh3 {is a better defense.}) 37... f5 38. Nd3 Ng5 (38... Ba7 $19 39. c5 Qd4) 39. exf5 ({White must play} 39. Nxc5 $15 Qxc5 40. Bg2) 39... exf5 40. Nxe5 $2 (40. Nxc5 $17 Qxc5 41. Bg2) 40... Re8 41. Ndf3 Nxf3+ {[%emt 0:00:30] Pin} 42. Nxf3 Qxg3+ {[%emt 0:00:30] Double Attack} 0-1